 Dungeon Crawl Stone Soup version 0.27.1-3-gb3d3a73c9e (webtiles) character file.

Game seed: 17858124741992520495

542 AZSletch the Chiller (level 7, 0/55 HPs)
             Began as a Merfolk Ice Elementalist on Oct 8, 2021.
             Was a Follower of Cheibriados.
             Slain by a water moccasin zombie (2 damage)
             ... on level 5 of the Dungeon on Oct 9, 2021.
             The game lasted 00:15:57 (5408 turns).

AZSletch the Chiller (Merfolk Ice Elementalist)     Turns: 5408, Time: 00:15:57

Health: 0/55       AC: 10    Str: 12    XL:     7   Next: 27%
Magic:  2/12       EV: 14    Int: 17    God:    Cheibriados [*.....]
Gold:   147        SH:  0    Dex: 16    Spells: 5/12 levels left

rFire    . . .     SeeInvis .   l - +1 dagger (venom)
rCold    . . .     Faith    .   (no shield)
rNeg     . . .     Spirit   .   a - +0 robe
rPois    .         Reflect  .   (no helmet)
rElec    .         Harm     .   f - +0 cloak
rCorr    .         Rampage  .   s - +0 pair of gloves
Will     .....                  (no boots)
Stlth    ++........             (no amulet)
HPRegen  0.18/turn              (no ring)
MPRegen  0.13/turn              (no ring)

@: ice-armoured, very slow
A: (nimble swimmer 2), mertail
a: Renounce Religion, Bend Time


You were on level 5 of the Dungeon.
You worshipped Cheibriados.
Cheibriados was aware of your devotion.
You visited 2 branches of the dungeon, and saw 6 of its levels.

You collected 147 gold pieces.

Inventory:

Hand Weapons
 d - a +0 mace
 l - a +1 dagger of venom (weapon)
 t - a +2 whip of electrocution
 u - a +0 spear
 v - the +5 rapier of Weozxag {distort, Fragile rCorr Int+4 Stlth+}
   (You found it on level 4 of the Dungeon)

   It warps and distorts space around it, and may blink, banish, or inflict
   extra damage upon those it strikes.
   Unwielding it can cause banishment or high damage.
   Int:       It affects your intelligence (+4).
   rCorr:     It protects you from acid and corrosion.
   Fragile:   It will be destroyed if unequipped.
   Stlth:     It makes you more stealthy.
Missiles
 b - 187 stones (quivered)
 h - a throwing net
Armour
 a - a +0 robe (worn)
 f - a +0 cloak (worn)
 s - a +0 pair of gloves (worn)
Jewellery
 g - a ring of magical power
Scrolls
 c - a scroll of magic mapping {unknown}
 e - a scroll of noise {unknown}
 i - 3 scrolls of identify {unknown}
 j - a scroll of fog {unknown}
 o - 3 scrolls of amnesia {unknown}
 p - 2 scrolls of teleportation {unknown}
 q - a scroll of vulnerability {unknown}
 r - a scroll of enchant weapon {unknown}
Potions
 k - 3 potions of degeneration {unknown}
 m - a potion of lignification {unknown}
 n - 2 potions of might {unknown}


   Skills:
 * Level 4.7 Fighting
 + Level 4.9 Dodging
 - Level 2.1 Stealth
 + Level 3.4 Spellcasting
 + Level 0.5 Conjurations
 + Level 0.9 Hexes
 + Level 5.5 Ice Magic
 * Level 1.3 Invocations


You had 5 spell levels left.
You knew the following spells:

 Your Spells              Type           Power      Damage    Failure   Level
a - Freeze                Ice            84%        1d10      1%          1
b - Frozen Ramparts       Ice            42%        1d6       4%          3
c - Ozocubu's Armour      Ice            21%        N/A       4%          3

Your spell library contained the following spells:

 Spells                   Type           Power      Damage    Failure   Level
 Foxfire                  Conj/Fire      12%        2x1d4     16%         1
 Slow                     Hex            6%         N/A       17%         2
 Confusing Touch          Hex            6%         N/A       32%         3
 Inner Flame              Hex/Fire       4%         N/A       38%         3
 Conjure Flame            Conj/Fire      3%         6-21      41%         3
 Hailstorm                Conj/Ice       13%        3d5       43%         4
 Ice Form                 Ice/Tmut       12%        N/A       47%         4
 Yara's Violent Unravell  Hex/Tmut       2%         3d3       98%         5
 Simulacrum               Ice/Necr       6%         N/A       100%        6


Dungeon Overview and Level Annotations

Branches:
Dungeon (5/15)             Temple (1/1) D:4

Altars:
Ashenzari
Cheibriados
Dithmenos
Gozag
Hepliaklqana
Kikubaaqudgha
Makhleb
Nemelex Xobeh
Okawaru
Qazlal
Ru
Sif Muna
Trog
Uskayaw
Vehumet
Xom
Yredelemnul
Zin
The Shining One


Innate Abilities, Weirdness & Mutations

((You are quick and stealthy near water. (Stealth+, EV+, Speed+++)))
Your lower body shifts to a powerful aquatic tail in water.


Message History

The water moccasin zombie closely misses you. x2
You hit the water moccasin zombie.
The water moccasin zombie is moderately damaged.
The water moccasin zombie bites you.
* * * LOW HITPOINT WARNING * * *
The flow of time bends around you.
Cheibriados rebukes the water moccasin zombie.
The water moccasin zombie seems to slow down.
The water moccasin zombie misses you.
You completely miss the water moccasin zombie.
The water moccasin zombie is moderately damaged.
You hit the water moccasin zombie.
The water moccasin zombie is moderately damaged.
The water moccasin zombie bites you.
* * * LOW HITPOINT WARNING * * *
You hit the water moccasin zombie but do no damage.
The water moccasin zombie is moderately damaged.
The water moccasin zombie misses you.
You hit the water moccasin zombie.
The water moccasin zombie is heavily damaged.
The water moccasin zombie barely misses you.
You hit the water moccasin zombie but do no damage.
The water moccasin zombie is heavily damaged.
The water moccasin zombie misses you.
You barely miss the water moccasin zombie.
The water moccasin zombie is heavily damaged.
You hit the water moccasin zombie but do no damage.
The water moccasin zombie is heavily damaged.
The water moccasin zombie bites you but does no damage.
You hit the water moccasin zombie but do no damage.
The water moccasin zombie is heavily damaged.
The water moccasin zombie bites you.
* * * LOW HITPOINT WARNING * * *
You hit the water moccasin zombie.
The water moccasin zombie is heavily damaged.
The water moccasin zombie closely misses you.
You hit the water moccasin zombie.
The water moccasin zombie is heavily damaged.
The water moccasin zombie bites you.
You die...

......#<......#
..............#
...##.#.......#
#.........#
##........# #
#..####### #. ##.#
####.##########.######
........Z@...........#
........##############
........# ........#
.....)..# #########


You could see a water moccasin zombie (slow).

Vanquished Creatures
  2 water moccasins
  A jelly (D:5)
  A hound (D:4)
  A bullfrog skeleton (D:5)
  An orc priest (D:4)
  Natasha (thrice) (D:2)
  3 gnolls (D:4)
  A shadow imp (D:4)
  5 worms
  5 orcs
  12 bats
  8 endoplasms
  2 giant cockroaches
  9 goblins
  7 hobgoblins
  6 jackals (D:1)
  A quokka (D:3)
  8 ball pythons
  A frilled lizard (D:2)
  6 kobolds
  4 rats
87 creatures vanquished.

Notes
Turn   | Place    | Note
-------+----------+-------------------------------------------
     0 | D:1      | AZSletch the Merfolk Ice Elementalist began the quest for
                  | the Orb.
     0 | D:1      | Reached XP level 1. HP: 13/13 MP: 3/3
   438 | D:1      | Reached skill level 1 in Fighting
   438 | D:1      | Reached XP level 2. HP: 17/21 MP: 3/5
  1341 | D:1      | Reached XP level 3. HP: 23/26 MP: 6/6
  1345 | D:1      | Learned a level 3 spell: Frozen Ramparts
  1938 | D:2      | Noticed Natasha
  1950 | D:2      | Killed Natasha
  1966 | D:2      | Reached XP level 4. HP: 23/33 MP: 1/7
  2299 | D:2      | Noticed Natasha
  2306 | D:2      | Killed Natasha
  2397 | D:2      | Learned a level 3 spell: Ozocubu's Armour
  2643 | D:2      | Noticed Natasha
  2654 | D:2      | Killed Natasha
  2655 | D:2      | Reached XP level 5. HP: 31/41 MP: 4/9
  3085 | D:3      | Reached skill level 5 in Ice Magic
  3286 | D:3      | Found a basalt altar of Yredelemnul.
  3677 | D:3      | Found a faded altar of an unknown god.
  3820 | D:4      | Found a broken altar of Ashenzari.
  4252 | D:4      | Noticed a water moccasin
  4263 | D:4      | Killed a water moccasin
  4264 | D:4      | Reached XP level 6. HP: 43/48 MP: 3/10
  4432 | D:4      | Found a staircase to the Ecumenical Temple.
  4441 | Temple   | Entered the Ecumenical Temple
  4539 | Temple   | Became a worshipper of Cheibriados the Contemplative
  4781 | D:4      | Identified the +5 rapier of Weozxag {distort, Fragile rCorr
                  | Int+4 Stlth+}
  4899 | D:4      | Reached * piety under Cheibriados
  5322 | D:5      | Entered Level 5 of the Dungeon
  5358 | D:5      | Noticed a water moccasin
  5369 | D:5      | Killed a water moccasin
  5370 | D:5      | Reached skill level 1 in Invocations
  5370 | D:5      | Reached XP level 7. HP: 33/55 MP: 7/12
  5406 | D:5      | HP: 2/55 [water moccasin zombie (6)]
  5408 | D:5      | Slain by a water moccasin zombie

Illustrated notes

Levels and vault maps discovered:
D:1:      dpeg_arrival_morbid_curiosity, layout_loops_corners,
          amcnicky_mini_pool_small, minivault_27, minmay_crystal_water
D:2:      layout_rooms, uniq_natasha
D:3:      layout_loops_ring, lemuel_doored_altar,
          chequers_ecumenical_altar_grove, chequers_arboretum, st_stairs_12
D:4:      layout_loops_ring, cheibrodos_ashenzari_chains,
          lemuel_temple_firewalk_a, roderic_batcave, grunt_ministairs_11
D:5:      layout_rooms
Temple:   minmay_temple_bridge_d

Skill      XL: |  1  2  3  4  5  6 |
---------------+-------------------+-----
Fighting       | 1 2 3 4 |  4.7
Dodging        | 3 4 |  4.9
Ice Magic      | 5 |  5.5
Spellcasting   | 3 |  3.4
Invocations    | 1 |  1.3
Stealth        | |  2.1
Conjurations   | |  0.5
Hexes          | |  0.9

Action                   |  1- 3 |  4- 6 |  7- 9 || total
-------------------------+-------+-------+-------++-------
Melee: Unarmed           |     7 |       |       ||     7
       Mace              |    32 |     1 |       ||    33
       Dagger            |       |    49 |    34 ||    83
Throw: Stone             |    26 |    45 |       ||    71
 Cast: Freeze            |    32 |    44 |     1 ||    77
       Frozen Ramparts   |     1 |    20 |       ||    21
       Ozocubu's Armour  |       |     3 |     2 ||     5
Invok: Bend Time         |       |       |     1 ||     1
 Stab: Sleeping          |       |     2 |       ||     2
Armor: Robe              |     8 |    32 |    13 ||    53
Dodge: Dodged            |    39 |    69 |    24 ||   132
